 Dungeon Crawl Stone Soup version 0.22.1-1-ga44c0e5 (webtiles) character file.

34 inc the Ducker (level 3, 15/15 HPs)
             Began as a Felid Transmuter on Oct 24, 2018.
             Quit the game on level 3 of the Dungeon.
             The game lasted 00:03:35 (2702 turns).

inc the Ducker (Felid Transmuter)                   Turns: 2702, Time: 00:03:36

Health: 15/15      AC:  1    Str:  6    XL:     3   Next: 14%
Magic:  7/7        EV: 21    Int: 15    God:
Gold:   142        SH:  0    Dex: 16    Spells: 5/6 levels left
                                        Lives:  0   Deaths: 1

rFire    . . .     SeeInvis +     - Unarmed
rCold    . . .     Gourm    .   (shield unavailable)
rNeg     . . .     Faith    .   (armour unavailable)
rPois    .         Spirit   .   (helmet unavailable)
rElec    .         Reflect  .   (cloak unavailable)
rCorr    .         Harm     .   (gloves unavailable)
MR       .....                  (boots unavailable)
Stlth    ++........             (no amulet)
HPRegen  0.05/turn              (no ring)
MPRegen  0.10/turn              (no ring)

@: quick
A: very small, no armour, no weapons or thrown items, stealth, claws 1, fangs 3,
see invisible, carnivore, speed 1, shaggy fur 1, slow metabolism 1, sharp paws
a: no special abilities


You were on level 3 of the Dungeon.
You were not hungry.

You visited 1 branch of the dungeon, and saw 3 of its levels.

You collected 142 gold pieces.

Inventory:

Missiles
 a - 36 arrows
Scrolls
 b - 2 scrolls of remove curse
 d - a scroll of noise {unknown}
 f - 4 scrolls of identify {unknown}
 i - a scroll of teleportation {unknown}
 j - a scroll of random uselessness {unknown}
 k - a scroll of fear {unknown}
Potions
 e - a potion of flight {unknown}
 g - a potion of agility {unknown}
 h - a potion of berserk rage {unknown}
 l - a potion of haste {unknown}
 m - a potion of heal wounds {unknown}
Comestibles
 c - 7 rations


   Skills:
 - Level 1.0 Fighting
 + Level 6.0 Dodging
 - Level 3.0 Unarmed Combat
 - Level 2.0 Spellcasting
 - Level 2.1 Transmutations


You had 5 spell levels left.
You knew the following spells:

 Your Spells              Type           Power        Failure   Level  Hunger
a - Beastly Appendage     Tmut           #.....       9%          1    #......

Your spell library contained the following spells:

 Spells                   Type           Power        Failure   Level  Hunger
 Sticks to Snakes         Tmut           #.......     14%         2    ###....
 Spider Form              Tmut/Pois      #.........   38%         3    ###....
 Ice Form                 Ice/Tmut       #.......     80%         4    #####..
 Blade Hands              Tmut           #.........   94%         5    ######.


Dungeon Overview and Level Annotations

Branches:
Dungeon (3/15)

Altars:
Nemelex Xobeh


Innate Abilities, Weirdness & Mutations

You cannot wear armour.
You are incapable of wielding weapons or throwing items.
Your paws allow you to move quietly. (Stealth)
You have sharp claws.
You have razor-sharp teeth.
You have supernaturally acute eyesight. (SInv)
You are carnivorous and can eat meat at any time.
You cover ground quickly.
You are covered in fur. (AC +1)
You have a slow metabolism.
Your sharp claws are effective at attacking unaware monsters.


Message History

The poisoned needle hits you!
You are poisoned.
Unknown command.
You feel sick.
The kobold unwields an uncursed enchanted blowgun.
The kobold wields an uncursed enchanted short sword.
The kobold hits you with an uncursed enchanted short sword.
You see here an adder skeleton.
You completely miss the kobold.
You feel sick. The kobold misses you.
You closely miss the kobold.
You feel sick.
The kobold hits you with an uncursed enchanted short sword.
* * * LOW HITPOINT WARNING * * *
You closely miss the kobold.
The kobold hits you with an uncursed enchanted short sword.
You die...
Your shape twists and changes as you die.
You are now level 3!
Your horns disappear.
You rejoin the land of the living...
Are you sure you want to abandon this character and quit the game? (Confirm

.##.########..######..
.#.........#........#
.#.#.......#........#
.#.#.#######........#
.#..<.........(.....#
.###†########.......####
.....K.....(.(.(........
#####.#######.......###
#.# #...@...# #..
#.#......... ##.#
#.#......... .#
#.#......... .#
#.#....?.... .#
#.#.........
#.#......... #.........


There were no monsters in sight!

Vanquished Creatures
  3 adders
  2 dart slugs
  2 ball pythons
  7 bats
  2 giant cockroaches
  A goblin (D:1)
  7 hobgoblins
  2 jackals (D:3)
  5 kobolds
  A quokka (D:2)
  5 frilled lizards
  8 rats
45 creatures vanquished.

Notes
Turn   | Place    | Note
-------+----------+-------------------------------------------
     0 | D:1      | inc the Felid Transmuter began the quest for the Orb.
     0 | D:1      | Reached XP level 1. HP: 9/9 MP: 4/4
    94 | D:1      | Reached skill level 3 in Dodging
   321 | D:1      | Reached XP level 2. HP: 9/12 MP: 4/6
   364 | D:1      | Reached skill level 4 in Dodging
  1052 | D:2      | Reached XP level 3. HP: 11/15 MP: 7/7
  1141 | D:2      | Reached skill level 5 in Dodging
  2175 | D:3      | Reached XP level 4. HP: 18/19 MP: 8/8
  2269 | D:3      | Found a sparkling altar of Nemelex Xobeh.
  2550 | D:3      | Reached skill level 6 in Dodging
  2701 | D:3      | Slain by a kobold
  2702 | D:3      | Reached XP level 3. HP: -1/15 MP: 7/7
  2702 | D:3      | Quit the game

Skill      XL: |  1  2  3  4 |
---------------+-------------+-----
Dodging        | 3 4 5 6 |  6.0
Fighting       | |  1.0
Unarmed Combat | |  3.0
Spellcasting   | |  2.0
Transmutations | |  2.1

Action                   |  1- 3 |  4- 6 || total
-------------------------+-------+-------++-------
Melee: Unarmed           |   142 |    13 ||   155
       Headbutt          |    15 |     1 ||    16
       Bite              |     5 |     2 ||     7
       Punch             |     1 |       ||     1
 Cast: Beastly Appendage |    18 |     4 ||    22
  Use: Scroll            |     1 |       ||     1
  Eat: Chunk             |     2 |     2 ||     4
Armor: Skin              |    10 |       ||    10
Dodge: Dodged            |   140 |    12 ||   152
